 Dungeon Crawl Stone Soup version 0.21-a0-641-geef9d7f (webtiles) character file.

8125 shenanigans the Fighter (level 11, -1/89 HPs)
             Began as a Barachi Skald on Dec 30, 2017.
             Hit by a stone thrown by Maurice (4 damage)
             ... on level 8 of the Dungeon.
             The game lasted 00:37:05 (11752 turns).

shenanigans the Fighter (Barachi Skald)            Turns: 11752, Time: 00:37:06

Health: -1/89      AC: 10    Str: 13    XL:     11   Next: 26%
Magic:  20/20      EV: 13    Int: 17    God:
Gold:   590        SH:  0    Dex: 11    Spells: 17/22 levels left

rFire    . . .     SeeInvis .   x - +1 whip (elec)
rCold    . . .     Gourm    .   (no shield)
rNeg     . . .     Faith    .   i - +0 ring mail
rPois    +         Spirit   .   r - +0 helmet
rElec    .         Reflect  .   W - +0 cloak
rCorr    .         Harm     .   (no gloves)
MR       .....                  C - +0 pair of boots
Stlth    +.........             S - amulet of rage
HPRegen  0.24/turn              (no ring)
MPRegen  0.17/turn              I - ring of poison resistance

@: can't hop, berserk cooldown, slowed, heavily drained, very slow
A: +LOS, swims, slowness 1, strong legs 1
a: Hop, Evoke Berserk Rage


You were on level 8 of the Dungeon.
You were hungry.

You visited 2 branches of the dungeon, and saw 10 of its levels.
You also visited: Ossuary.

You collected 590 gold pieces.

Inventory:

Hand Weapons
 a - a +0 hand axe
 x - a +1 whip of electrocution (weapon)
 y - a +2 hand axe of freezing
 E - a cursed -2 war axe
 V - a +0 flail of protection
Missiles
 Q - 16 tomahawks (quivered)
Armour
 b - a +0 leather armour
 h - a +0 plate armour
 i - a +0 ring mail (worn)
 r - a +0 helmet (worn)
 A - a +0 chain mail
 C - a +0 pair of boots (worn)
 W - a +0 cloak (worn)
Jewellery
 v - a +3 amulet of reflection
 w - an uncursed ring of resist corrosion
 I - a ring of poison resistance (right hand)
 S - an amulet of rage (around neck)
Wands
 G - a wand of polymorph (7)
 J - a wand of scattershot (4)
Scrolls
 j - a scroll of immolation {unknown}
 l - 3 scrolls of remove curse
 n - 3 scrolls of teleportation
 o - 2 scrolls of enchant armour {unknown}
 p - 4 scrolls of enchant weapon {unknown}
 q - 4 scrolls of amnesia {unknown}
 u - 2 scrolls of fog {unknown}
 B - 2 scrolls of fear {unknown}
 H - 2 scrolls of noise {unknown}
 L - a scroll of silence {unknown}
 M - 2 scrolls of random uselessness {unknown}
 U - a scroll of blinking {unknown}
Potions
 e - 3 potions of flight
 f - a potion of degeneration
 t - 5 potions of curing
 D - 2 potions of magic
 F - 3 potions of mutation
 O - a potion of cancellation
Books
 c - a book of Battle

   Spells                             Type                      Level
   a - Infusion                       Charms                       1
   b - Shroud of Golubria             Charms/Translocation         2
   c - Song of Slaying                Charms                       2
   d - Spectral Weapon                Hexes/Charms                 3
   e - Regeneration                   Charms/Necromancy            3
 m - a book of Maledictions

   Spells                             Type                      Level
   a - Corona                         Hexes                        1
   b - Ensorcelled Hibernation        Hexes/Ice                    2
   c - Confuse                        Hexes                        3
   d - Tukima's Dance                 Hexes                        3
   e - Dazzling Spray                 Conjuration/Hexes            3
 z - a book of Minor Magic

   Spells                             Type                      Level
   a - Magic Dart                     Conjuration                  1
   b - Blink                          Translocation                2
   c - Call Imp                       Summoning                    2
   d - Slow                           Hexes                        2
   e - Conjure Flame                  Conjuration/Fire             3
   f - Mephitic Cloud                 Conjuration/Poison/Air       3
 R - a book of Frost

   Spells                             Type                      Level
   a - Freeze                         Ice                          1
   b - Throw Frost                    Conjuration/Ice              2
   c - Ozocubu's Armour               Charms/Ice                   3
   d - Throw Icicle                   Conjuration/Ice              4
   e - Summon Ice Beast               Ice/Summoning                4
Comestibles
 d - 17 rations


   Skills:
 + Level 9.5(7.0) Fighting
 + Level 8.8(6.3) Axes
 + Level 9.2(6.7) Armour
 + Level 8.8(6.4) Dodging
   Level 4.9(2.7) Shields
 + Level 6.3(4.0) Spellcasting
 - Level 3.2(1.1) Charms
 + Level 6.0(3.7) Ice Magic


You had 17 spell levels left.
You knew the following spells:

 Your Spells              Type           Power        Failure   Level  Hunger
a - Infusion              Chrm           #...         19%         1    None
b - Song of Slaying       Chrm           #.......     28%         2    ##.....
c - Ensorcelled Hibernat  Hex/Ice        #.....       22%         2    ##.....


Dungeon Overview and Level Annotations

Branches:
Dungeon (9/15)             Temple (1/1) D:7            Lair (0/6) D:9
    Orc: D:9-12

Altars:
Ashenzari
Dithmenos
Fedhas
Gozag
Hepliaklqana
Kikubaaqudgha
Makhleb
Nemelex Xobeh
Qazlal
Ru
Sif Muna
Trog
Uskayaw
Wu Jian
Xom
Yredelemnul
Zin
The Shining One

Shops:
D:4 }

Annotations:
D:4 1 runed door
D:7 2 transporters
D:8 Maurice


Innate Abilities, Weirdness & Mutations

Shadows flee at your approach. (+LOS)
You can swim through water.
You cover ground slowly.
You can hop short distances.


Message History

The kobold closely misses you.
You hit the kobold but do no damage.
Maurice picks up 2 stones.
The kobold hits you with a long sword.
Maurice zaps a wand.
You are blasted!
* * * LOW HITPOINT WARNING * * *
You hit the kobold but do no damage. The kobold barely misses you.
Maurice says, "Lost something?"
You closely miss the kobold. The kobold hits you with a long sword.
* * * LOW HITPOINT WARNING * * *
You hit Maurice.
Maurice is heavily wounded.
Maurice picks up 2 stones.
The kobold hits you with a long sword.
* * * LOW HITPOINT WARNING * * *
Maurice hits you but does no damage.
You feel drained. The kobold hits you with a long sword.
* * * LOW HITPOINT WARNING * * *
Okay, then.
Hop to where?
Press: ? - help, Dir - move target cursor Boing!
Maurice throws a stone.
The stone hits you.
You die...

............#.....#
............#.....#
###.)..)....#.....#
#....##...#.....#
#######...#.....#
#..........#.....#
#..........#.....#
#..........#.....#
#..........'...@.#
##.........#.....#
#'#####...#.....#
#. #...#.ยง...# O
....#.K@..# #
#.....# .#..
#...).###'#..
#####..)!........
.........(........


You could see Maurice and a kobold.

Vanquished Creatures
  A two-headed ogre (D:9)
  The ghost of gressup the Digger, an amateur OpEE (D:4)
  Sigmund (D:6)
  A water moccasin (D:7)
  2 porcupines (D:9)
  A black bear (D:6)
  A phantom (D:4)
  4 sky beasts
  4 ogres
  A centaur (D:4)
  A crocodile (D:8)
  A big kobold (D:8)
  4 bullfrogs
  A water moccasin zombie (D:7)
  A scorpion (D:8)
  5 killer bees
  5 wights
  2 vampire bats (D:5)
  3 howler monkeys
  A jelly (D:7)
  4 crimson imps
  A bullfrog zombie (D:7)
  A centaur zombie (D:7)
  7 orc priests
  A hound (D:6)
  12 orc wizards
  3 bullfrog skeletons
  5 iguanas
  A worker ant (D:6)
  A killer bee zombie (D:5)
  A big kobold zombie (Ossuary)
  8 mummies (Ossuary)
  A worker ant zombie (D:5)
  10 adders
  6 gnolls
  2 oozes
  3 adder skeletons
  6 worms
  A dart slug (D:3)
  6 leopard geckos
  39 orcs
  4 bat skeletons (D:5)
  2 bat zombies (D:5)
  7 giant cockroaches
  5 goblins
  7 hobgoblins
  14 jackals
  16 kobolds
  4 quokkas
  4 ball pythons
  7 bats
  3 frilled lizards
  4 gnoll zombies (Ossuary)
  2 hobgoblin zombies (Ossuary)
  A kobold zombie (Ossuary)
  A quokka skeleton (D:8)
  7 rats
  2 rat zombies (D:5)
250 creatures vanquished.

Vanquished Creatures (others)
  An orc (D:6)
  5 bushes (D:9)
  5 fungi (D:9)
  24 plants (D:9)
35 creatures vanquished.

Grand Total: 285 creatures vanquished

Notes
Turn   | Place    | Note
-------+----------+-------------------------------------------
     0 | D:1      | shenanigans the Barachi Skald began the quest for the Orb.
     0 | D:1      | Reached XP level 1. HP: 17/17 MP: 3/3
   136 | D:1      | Reached XP level 2. HP: 14/23 MP: 1/5
  1223 | D:1      | Reached XP level 3. HP: 28/28 MP: 6/6
  2151 | D:2      | Reached XP level 4. HP: 35/35 MP: 1/8
  2231 | D:2      | Found a faded altar of an unknown god.
  2511 | D:3      | Found a shattered altar of Ashenzari.
  2924 | D:3      | Reached XP level 5. HP: 33/41 MP: 4/9
  3221 | D:3      | Found a shadowy altar of Dithmenos.
  3509 | D:3      | Found an ornate altar of the Wu Jian Council.
  3992 | D:4      | Reached XP level 6. HP: 34/48 MP: 10/10
  4128 | D:4      | Learned a level 2 spell: Song of Slaying
  4131 | D:4      | Learned a level 2 spell: Ensorcelled Hibernation
  4213 | D:4      | Noticed gressup's ghost (amateur OpEE)
  4459 | D:4      | Killed gressup's ghost
  4513 | D:4      | Reached XP level 7. HP: 46/55 MP: 12/12
  4706 | D:4      | Found Supudiodgh's Gadget Boutique.
  5034 | D:4      | Reached skill level 1 in Ice Magic
  5044 | D:4      | Found a runed door.
  5046 | D:4      | Found a glowing silver altar of Zin.
  5046 | D:4      | Noticed an angel
  5115 | D:4      | Found a glowing golden altar of the Shining One.
  5322 | D:4      | Found a burning altar of Makhleb.
  5402 | D:5      | Entered Level 5 of the Dungeon
  5945 | D:5      | Found a sand-covered staircase.
  6028 | Ossuary  | Entered an ossuary
  6120 | Ossuary  | Reached skill level 5 in Fighting
  6120 | Ossuary  | Reached XP level 8. HP: 51/62 MP: 14/14
  7106 | D:5      | Reached skill level 5 in Axes
  7133 | D:5      | Reached skill level 5 in Dodging
  7204 | D:5      | Reached skill level 5 in Armour
  7693 | D:5      | Found an ancient bone altar of Kikubaaqudgha.
  7940 | D:6      | Found an ornate altar of the Wu Jian Council.
  8093 | D:6      | Reached skill level 5 in Spellcasting
  8449 | D:6      | Reached XP level 9. HP: 69/69 MP: 16/16
  8496 | D:6      | Noticed Sigmund
  8590 | D:6      | Killed Sigmund
  9327 | D:7      | Reached skill level 5 in Ice Magic
  9549 | D:7      | Found a transporter.
  9552 | D:7      | Found a transporter.
  9552 | D:7      | Noticed a gargoyle
  9553 | D:7      | Noticed an efreet
  9553 | D:7      | Found a stormy altar of Qazlal.
  9616 | D:7      | Found a staircase to the Ecumenical Temple.
  9639 | Temple   | Entered the Ecumenical Temple
 10274 | D:8      | Noticed Maurice
 10556 | D:8      | Reached XP level 10. HP: 51/79 MP: 19/19
 10560 | D:8      | Noticed a two-headed ogre
 10569 | D:8      | Reached XP level 11. HP: 62/89 MP: 20/20
 10877 | D:9      | Noticed a two-headed ogre
 10909 | D:9      | Killed a two-headed ogre
 10926 | D:9      | Found a staircase to the Lair.
 10933 | D:9      | Found a hazy altar of Hepliaklqana.
 11168 | D:9      | Found a bloodstained altar of Trog.
 11294 | D:9      | Found a hide-covered altar of Uskayaw.
 11751 | D:8      | HP: 3/89 [kobold/long sword (4)]
 11752 | D:8      | Hit by a stone thrown by Maurice

Vault maps used:
D:1:      mrwooster_arrival_statue_2, serial_park_tiny_2
D:2:      chequers_ecumenical_altar_simple, first_ration
D:3:      marbit_many_paths, cheibrodos_ashenzari_chains, grunt_dithmenos_smoke
D:4:      lemuel_coloured_pillars_altar, tso_metal_star, serial_shops,
          nicolae_shop_window_shopping, lemuel_angel_altar
D:5:      kennysheep_vampire_church, enter_ossuary_4, kennysheep_generic_room_5
D:6:      basic_altar, uniq_sigmund
D:7:      gammafunk_temple_overflow_arena, temple_green, kennysheep_small_circle
D:8:      basic_altar, uniq_maurice
D:9:      overflow_temple_1_default, lemuel_doored_altar,
          lightli_temple_of_fire, minmay_lair_entry_grove, nicolae_wwwww,
          blue_anna_alchemist
Temple:   dshaligram_water_room_temple
Ossuary:  ossuary_tomb_3

Skill      XL: |  1  2  3  4  5  6  7  8  9 10 11 |
---------------+----------------------------------+-----
Armour         | 2 3 4 5 6 8 9 |  9.2
Fighting       | 3 4 5 6 7 9 |  9.5
Axes           | 3 4 5 6 8 |  8.8
Dodging        | 3 4 5 6 8 |  8.8
Spellcasting   | 3 4 5 6 |  6.3
Ice Magic      | 2 3 5 6 |  6.0
Shields        | 4 |  4.9
Charms         | |  3.2

Action                   |  1- 3 |  4- 6 |  7- 9 | 10-12 || total
-------------------------+-------+-------+-------+-------++-------
Melee: Hand axe          |   155 |    14 |       |       ||   169
       Short sword       |       |   169 |       |       ||   169
       Whip              |       |    76 |   567 |   201 ||   844
       Unarmed           |       |       |     7 |       ||     7
 Cast: Infusion          |     7 |     5 |       |       ||    12
 Abil: Hop               |       |       |     7 |     4 ||    11
       Evoke Berserk Rag |       |       |       |     1 ||     1
  Use: Scroll            |       |     4 |     3 |     2 ||     9
       Potion            |       |       |     6 |     8 ||    14
 Stab: Invisible         |       |       |     1 |       ||     1
  Eat: Chunk             |     2 |     8 |     7 |     5 ||    22
       Ration            |     1 |       |     4 |       ||     5
Armor: Leather armour    |    18 |       |       |       ||    18
       Ring mail         |    42 |    71 |   165 |    73 ||   351
       Chain mail        |       |    16 |       |       ||    16
       Skin              |       |       |       |    67 ||    67
Dodge: Dodged            |    91 |   102 |   296 |    88 ||   577
Block: Other             |       |    26 |    82 |    19 ||   127
       Reflection        |       |       |     2 |       ||     2

Table legend:
 A = Spawn XP
 B = Non-spawn XP
 C = Spawn XP percentage of total XP
 D = Spawn monster count
 E = Non-spawn monster count
 F = Spawn count percentage of total count
 G = Total turns spent on level
                    A         B        C        D         E        F      G
               +---------+---------+-------+---------+---------+-------+---------
         Total |       0 |    6972 |   0.0 |       0 |     251 |   0.0 | 11752
               +---------+---------+-------+---------+---------+-------+---------
           D:1 |       0 |      40 |   0.0 |       0 |      28 |   0.0 |  1805
           D:2 |       0 |      87 |   0.0 |       0 |      17 |   0.0 |   663
           D:3 |       0 |     167 |   0.0 |       0 |      45 |   0.0 |  2046
           D:4 |       0 |     670 |   0.0 |       0 |      19 |   0.0 |  1148
           D:5 |       0 |     828 |   0.0 |       0 |      32 |   0.0 |  1327
           D:6 |       0 |    1338 |   0.0 |       0 |      34 |   0.0 |  1345
           D:7 |       0 |    1048 |   0.0 |       0 |      27 |   0.0 |  1279
           D:8 |       0 |     855 |   0.0 |       0 |      21 |   0.0 |   652
           D:9 |       0 |    1761 |   0.0 |       0 |      12 |   0.0 |   617
       Ossuary |       0 |     178 |   0.0 |       0 |      16 |   0.0 |   826
               +---------+---------+-------+---------+---------+-------+---------
